 Dungeon Crawl Stone Soup version 0.31-a0-940-gdaa99269f9 (webtiles) character file.

Game seed: 14610136292902057827

41 Kurtz the Chopper (level 3, -1/29 HPs)
             Began as a Formicid Chaos Knight on Oct 20, 2023.
             Was a Plaything of Xom.
             Slain by a worm (6 damage)
             ... on level 2 of the Dungeon.
             The game lasted 00:01:19 (1467 turns).

Kurtz the Chopper (Formicid Chaos Knight)           Turns: 1467, Time: 00:01:19

Health: -1/29      AC:  5    Str: 16    XL:     3   Next: 75%
Magic:  3/3        EV: 11    Int: 11    God:    Xom [..*...]
Gold:   56         SH:  0    Dex: 15    Spells: 2/2 levels left

rFire   . . .        a - +0 hand axe (chaos)
rCold   . . .        (no shield)
rNeg    . . .        b - +2 leather armour
rPois   .            (helmet unavailable)
rElec   .            (no cloak)
rCorr   .            (no gloves)
SInv    +            (no boots)
Will    .....        (no amulet)
Stlth   +            (no ring)
HPRegen 0.24/turn    (no ring)
MPRegen 0.08/turn

%: no passive effects
@: no status effects
A: permanent stasis, dig shafts and tunnels, antennae 3, four strong arms
a: Dig, Shaft Self, Renounce Religion


You were on level 2 of the Dungeon.
You worshipped Xom.
You were a toy of Xom.
You visited 1 branch of the dungeon, and saw 2 of its levels.

You collected 56 gold pieces.

Inventory:

Hand Weapons
 a - a +0 hand axe of chaos (weapon)
Missiles
 e - 4 javelins
 f - 2 poisoned darts (quivered)
Armour
 b - a +2 leather armour (worn)
 k - a +0 scale mail
Wands
 h - a wand of polymorph (10)
Scrolls
 c - a scroll of butterflies
 l - a scroll of summoning {unknown}
Potions
 d - a potion of haste {unknown}
 g - a potion of lignification {unknown}
 i - a potion of degeneration {unknown}
 j - a potion of mutation {unknown}


   Skills:
 - Level 3.2 Fighting
 * Level 4.1 Axes
 + Level 2.4 Armour
 * Level 1.4 Dodging


You had 2 spell levels left.
You didn't know any spells.
Your spell library was empty.

Dungeon Overview and Level Annotations

Branches:
Dungeon (2/15)

Altars:


Innate Abilities, Weirdness & Mutations

You cannot be hasted, slowed, berserked, paralysed or teleported.
You can dig through walls and to a lower floor.
You have a pair of large antennae on your head. (SInv)
Your four strong arms can wield two-handed weapons with a shield.


Message History

The giant cockroach is almost dead.
You hit the worm. You freeze the worm.
The giant cockroach bites you but does no damage.
The worm bites you.
You barely miss the giant cockroach.
The giant cockroach is almost dead.
You hit the worm. You burn the worm. The giant cockroach misses you.
The worm closely misses you.
Unknown command.
You hit the giant cockroach but do no damage.
The giant cockroach is almost dead.
You hit the worm. You freeze the worm.
The giant cockroach bites you but does no damage.
The giant cockroach barely misses you. The worm closely misses you.
You hit the giant cockroach but do no damage.
The giant cockroach seems to grow stronger.
The giant cockroach is almost dead.
You hit the worm. You burn the worm.
The giant cockroach bites you but does no damage.
Unknown command.
You slash the giant cockroach!
You kill the giant cockroach!
You hit the worm.
The worm suddenly seems more resistant.
The worm bites you.
You barely miss the worm.
The worm is almost dead.
The worm bites you!
Unknown command.
You are too injured to fight recklessly!
You are too injured to fight recklessly!
You are too injured to fight recklessly!
You barely miss the worm.
The worm is severely wounded.
The worm bites you!
* * * LOW HITPOINT WARNING * * *
You are too injured to fight recklessly!
You barely miss the worm.
The worm is severely wounded.
The worm bites you.
You die... "Huh?
Did I miss anything?"

##.......#
.........##
###........
.........#
##...##
#.......#
#.....#
#......$#
#......
###.......#
###.....#
......w@..#
#.......#
..###..##.#
#.#....[. #....
#.######.#.....#
......#
#.!............#
.$>...
########.#.#...#
...... #.##.....
..#.# #.###.###
..#. #># #.# #.#
#.#


You could see a worm (fast, resistant).

Vanquished Creatures
  A gnoll (D:1)
  A worm (D:2)
  3 bats (D:1)
  2 endoplasms
  2 giant cockroaches
  4 hobgoblins
  3 kobolds
  2 quokkas
  2 ball pythons
  3 frilled lizards (D:1)
  A goblin (D:2)
  A rat (D:2)
25 creatures vanquished.

Notes
Turn   | Place    | Note
-------+----------+-------------------------------------------
     0 | D:1      | Kurtz the Formicid Chaos Knight began the quest for the
                  | Orb.
     0 | D:1      | Reached XP level 1. HP: 18/18 MP: 1/1
    33 | D:1      | Reached skill level 1 in Dodging
   154 | D:1      | Reached XP level 2. HP: 22/24 MP: 2/2
   382 | D:1      | Reached XP level 3. HP: 29/29 MP: 3/3
   427 | D:1      | XOM: silly message
   445 | D:1      | XOM: divination: detect items
   479 | D:1      | XOM: cloud trail
   671 | D:1      | XOM: silly message
  1164 | D:2      | Reached skill level 4 in Axes
  1467 | D:2      | Slain by a worm

Illustrated notes

Levels and vault maps discovered:
D:1:      lightli_arrival_statue_moat, layout_loops_ring
D:2:      layout_loops_ring, shapermc_ecumenical_altar_ellora

Skill      XL: |  1  2  3 |
---------------+----------+-----
Dodging        | 1 |  1.4
Axes           | 4 |  4.1
Fighting       | |  3.2
Armour         | |  2.4

Action                     || total
---------------------------++-------
  Melee: Hand axe          ||    94
  Throw: Dart              ||     3
   Stab: Sleeping          ||     2
 Armour: Leather armour    ||    58
  Dodge: Dodged            ||    55

Table legend: (Time is in decaauts)
 A = Elapsed time spent in this place.
 B = Non-inter-level travel time spent in this place.
 C = Inter-level travel time spent in this place.
 D = Time resting spent in this place.
 E = Time spent auto-exploring this place.
 F = Levels seen in this place.
 G = Mean time per level.
                   A        B        C        D        E       F      G
               +--------+--------+--------+--------+--------+-----+--------+
         Total |   1479 |   1447 |     32 |     76 |   1086 |   2 |  739.5 |
       Dungeon |   1479 |   1447 |     32 |     76 |   1086 |   2 |  739.5 |
               +--------+--------+--------+--------+--------+-----+--------+

Top non-repeatable levels by time:
     D:1: 933 daAuts
     D:2: 545 daAuts
